 Dungeon Crawl Stone Soup version 0.29.1-2-gbd0b4ee654 (webtiles) character file.

Game seed: 1122404666085644299

113 Icepheonix32 the Ruffian (level 4, -1/34 HPs)
             Began as a Demigod Transmuter on Nov 7, 2022.
             Succumbed to an adder's poison
             ... in a sewer.
             The game lasted 00:04:59 (2635 turns).

Icepheonix32 the Ruffian (Demigod Transmuter)       Turns: 2635, Time: 00:04:59

Health: -1/34      AC:  9    Str: 14    XL:     4   Next: 39%
Magic:  8/11       EV: 12    Int: 14    God:
Gold:   144        SH:  0    Dex: 18    Spells: 2/8 levels left

rFire   . . .      SeeInvis .     - Unarmed
rCold   . . .      Faith    .   (no shield)
rNeg    . . .      Spirit   .   a - +0 robe
rPois   .          Reflect  .   (helmet currently unavailable)
rElec   .          Harm     .   (no cloak)
rCorr   .          Rampage  .   e - +1 pair of gloves
Will    .....                   (boots currently unavailable)
Stlth   ++........              (no amulet)
HPRegen 0.11/turn               d - +4 ring of protection
MPRegen 0.12/turn               (no ring)

@: lethally poisoned (-1 -> -15), appendages, wereblooded, hasted, very quick
A: horns 2, talons 2, high MP 1, forlorn, divine attributes, agile 1, shaggy fur
1
a: End Transformation


You were in a sewer.
You had temporarily grown beastly horns and talons.
You visited 1 branch of the dungeon, and saw 3 of its levels.
You also visited: Sewer.

You collected 221 gold pieces.
You spent 77 gold pieces at shops.

Inventory:

Armour
 a - a +0 robe (worn)
 e - a +1 pair of gloves (worn)
 i - a +0 leather armour
Jewellery
 d - a +4 ring of protection (left hand)
Scrolls
 f - a scroll of fear
 k - a scroll of vulnerability
 l - a scroll of blinking
 m - 2 scrolls of teleportation
Potions
 b - 5 potions of flight
 c - a potion of resistance
 g - a potion of haste
 h - a potion of mutation


   Skills:
 + Level 0.9 Fighting
 - Level 2.0 Dodging
 - Level 3.2 Unarmed Combat
 + Level 2.9 Spellcasting
 + Level 3.0 Transmutations


You had 2 spell levels left.
You knew the following spells:

 Your Spells              Type           Power      Damage    Failure   Level
a - Beastly Appendage     Tmut           20%        N/A       6%          1
b - Wereblood             Tmut           10%        N/A       10%         2
c - Spider Form           Tmut/Pois      6%         N/A       34%         3

Your spell library contained the following spells:

 Spells                   Type           Power      Damage    Failure   Level
 Passwall                 Tmut/Erth      5%         N/A       17%         2
 Sandblast                Erth           4%         2d4       22%         1
 Sublimation of Blood     Necr           2%         N/A       32%         2
 Stone Arrow              Conj/Erth      4%         3d7       54%         3
 Ice Form                 Ice/Tmut       6%         N/A       75%         4
 Summon Hydra             Summ           1%         N/A       100%        7


Dungeon Overview and Level Annotations

Branches:
Dungeon (3/15)              Sewer (1/1)

Shops:
D:3 ?


Innate Abilities, Weirdness & Mutations

You have temporarily grown beastly horns and talons.
You have an increased reservoir of magic. (+10% MP)
You shall have no god before yourself.
Your divine heritage dramatically boosts your attributes as you level up.
You are agile. (Dex +4, Str/Int -1)
You are covered in fur. (AC +1)


Message History

Casting: Beastly Appendage (safe; 6% risk of failure)
Confirm with . or Enter, or press ? or * to list all spells.
Your blood is infused with primal strength.
You feel sick. The adder barely misses you. The adder closely misses you.
The adder barely misses you. The adder closely misses you. The adder bites you.
Unknown command.
You hit the adder but do no damage.
You feel sick. The adder closely misses you. The adder bites you.
You are more poisoned.
The adder poisons you! The adder barely misses you. The adder bites you.
You are more poisoned.
The adder poisons you!
You miss the adder.
You feel very sick. The adder barely misses you. The adder bites you.
The adder closely misses you.
Unknown command.
You hit the adder.
The adder is moderately wounded.
You feel very sick. The adder barely misses you.
The adder bites you but does no damage. The adder bites you.
You are lethally poisoned!
The adder poisons you!
It was a potion of haste.
You feel yourself speed up.
* * * LOW HITPOINT WARNING * * *
You feel very sick. The adder bites you.
* * * LOW HITPOINT WARNING * * *
You are more poisoned.
The adder poisons you! The adder bites you but does no damage.
The adder closely misses you. x2; The adder bites you but does no damage.
Unknown command.
* * * LOW HITPOINT WARNING * * *
You feel very sick. The adder barely misses you. The adder closely misses you.
The adder bites you but does no damage.
* * * LOW HITPOINT WARNING * * *
You feel sick. The adder barely misses you. x3
Unknown command.
You die...

#~ .≈ #~ ~~ #~ ~# #~ ~# ######
###### #~ ~# #....# #....# #~
~#####''#####''##### #.
~~~............SS.∩# #~
~~~~...........S@.∩# #~≈.# #~
~#####++#####''##### #~≈~# #~ ~#
#... #~≈~# #~ ~# #### #~≈~# #~
~#######################~≈~#####~
~~.~.~~~~~~~~~~~.~~~.~~~~~~~.~.~~
≈≈≈≈≈≈≈≈≈≈≈≈≈≈≈≈≈≈≈≈≈≈≈≈≈≈≈≈≈≈≈≈≈
~~~~.~..~~~~~.~~†.~~.~~~~~~.~~.~.
#################################


You could see 3 adders.

Vanquished Creatures
  3 adders
  A gnoll (D:1)
  A river rat (Sewer)
  2 worms
  2 dart slugs
  8 ball pythons
  6 bats (Sewer)
  3 endoplasms
  2 giant cockroaches (D:3)
  2 goblins
  2 hobgoblins (D:2)
  4 jackals
  7 quokkas
  3 frilled lizards
  4 kobolds
  4 rats
54 creatures vanquished.

Notes
Turn   | Place    | Note
-------+----------+-------------------------------------------
     0 | D:1      | Icepheonix32 the Demigod Transmuter began the quest for the
                  | Orb.
     0 | D:1      | Reached XP level 1. HP: 15/15 MP: 5/5
   256 | D:1      | Reached XP level 2. HP: 21/22 MP: 7/7
   975 | D:2      | Learned a level 2 spell: Wereblood
  1054 | D:2      | Reached XP level 3. HP: 27/27 MP: 7/9
  1904 | D:3      | Found Peytad Acsi's Magic Scroll Boutique.
  1914 | D:3      | Bought a scroll of teleportation for 33 gold pieces
  1914 | D:3      | Bought a scroll of fear for 44 gold pieces
  1943 | D:3      | Found a glowing drain.
  1997 | Sewer    | Entered a sewer
  2231 | Sewer    | Reached XP level 4. HP: 34/34 MP: 8/10
  2576 | Sewer    | Gained mutation: You are covered in fur. (AC +1) [potion of
                  | mutation]
  2576 | Sewer    | Gained mutation: You are agile. (Dex +4, Str/Int -1)
                  | [potion of mutation]
  2601 | Sewer    | Learned a level 3 spell: Spider Form
  2635 | Sewer    | Succumbed to an adder's poison

Illustrated notes

Levels and vault maps discovered:
D:1:      dpeg_arrival_solitude, layout_loops_ring
D:2:      layout_loops_cross, basic_altar, st_stairs_1, nrook_loot_triangle,
          nicolae_underground_beach
D:3:      layout_rooms, serial_shops, nicolae_shop_statue_plus,
          portal_sewer_entry_f, minmay_ruptured
Sewer:    sewer_fruit_machine

Skill      XL: |  1  2  3  4 |
---------------+-------------+-----
Transmutations | 2 3 |  3.0
Unarmed Combat | 3 |  3.2
Dodging        | 2 |  2.0
Spellcasting   | 2 |  2.9
Fighting       | |  0.9

Action                   |  1- 3 |  4- 6 || total
-------------------------+-------+-------++-------
Melee: Unarmed           |   119 |    69 ||   188
       Kick              |    37 |    10 ||    47
       Headbutt          |    13 |     7 ||    20
       Punch             |     1 |     2 ||     3
 Cast: Beastly Appendage |    30 |     8 ||    38
       Wereblood         |       |     2 ||     2
  Use: Scroll            |     9 |       ||     9
       Potion            |     3 |     3 ||     6
 Stab: Sleeping          |     1 |       ||     1
Armor: Robe              |    46 |    56 ||   102
       Skin              |     2 |       ||     2
Dodge: Dodged            |    88 |    94 ||   182
